PAA
WESTWOOD SIXSHOOTERS @ VIRGINIA PALLADIUM SOX
07/12/2038
 
TOP OF THE 1ST
Westwood Sixshooters batting - Pitching for Virginia Palladium Sox : RHP Kliment Spirk
Pitching: RHP Kliment Spirk
Batting: RHB Wallace Bane 0-0: Ball
1-0: Swinging Strike
1-1: Ground out 2-3 (Groundball, 15S, EV 68.8 MPH)
Batting: LHB Benno Luby 0-0: Ball
1-0: Ground out 4-3 (Groundball, 34, EV 88.1 MPH)
Batting: LHB Alfonso López 0-0: Ball
1-0: Ball
2-0: Foul Ball, location: 2F
2-1: Swinging Strike
2-2: Ground out 4-3 (Groundball, 4, EV 90.6 MPH)
Top of the 1st over - 0 runs, 0 hits, 0 errors, 0 left on base; Westwood 0 - Virginia 0
BOTTOM OF THE 1ST
Virginia Palladium Sox batting - Pitching for Westwood Sixshooters : RHP Júlio Rosales
Pitching: RHP Júlio Rosales
Batting: LHB Jorge Castillo 0-0: Ball
1-0: Called Strike
1-1: Swinging Strike
1-2: Fly out, F8 (Flyball, 8LM, EV 91.2 MPH)
Batting: SHB Jim Dunleavy 0-0: Ball
1-0: Called Strike
1-1: Swinging Strike
1-2: SINGLE (Groundball, 34D, EV 95.6 MPH)
Batting: LHB Dave Watts 0-0: SINGLE (Flyball, 7S, EV 89.4 MPH)
Jim Dunleavy to second
Batting: RHB Cristo Cuervo 0-0: Ball
1-0: Called Strike
1-1: Ball
2-1: Ball
3-1: Fly out, F3 (Popup, 34S, EV 70.6 MPH)
Batting: RHB Seung-hwan Pak 0-0: Called Strike
0-1: Foul Ball, location: 2F
0-2: Ball
1-2: SINGLE (Line Drive, 56D, EV 97.5 MPH)
Jim Dunleavy to third
Dave Watts to second
Runner from 3rd tries for Home, SAFE, throw by LF to home
Batting: RHB Tom Matthews 0-0: Fly out, F8 (Flyball, 8LD, EV 91.9 MPH)
Bottom of the 1st over - 1 run, 3 hits, 0 errors, 2 left on base; Westwood 0 - Virginia 1
TOP OF THE 2ND
Westwood Sixshooters batting - Pitching for Virginia Palladium Sox : RHP Kliment Spirk
Batting: RHB Oki Hai 0-0: Ball
1-0: Ball
2-0: Ball
3-0: Called Strike
3-1: Foul Ball, location: 2F
3-2: Foul Ball, location: 2F
3-2: Base on Balls
Batting: LHB Juan Carlos Vázquez 0-0: Grounds into double play, 4-6-3 (Groundball, 34, EV 102.5 MPH)
Batting: RHB Mark Merry 0-0: Called Strike
0-1: Ball
1-1: Fly out, F8 (Line Drive, 8LD, EV 108.1 MPH)
Top of the 2nd over - 0 runs, 0 hits, 0 errors, 0 left on base; Westwood 0 - Virginia 1
BOTTOM OF THE 2ND
Virginia Palladium Sox batting - Pitching for Westwood Sixshooters : RHP Júlio Rosales
Batting: RHB Jesús Amengual 0-0: Ball
1-0: Ball
2-0: Ball
3-0: Base on Balls
Batting: RHB John Ryan 0-0: Foul Ball, location: 2F
0-1: Ball
1-1: Ball
2-1: Ball
3-1: SINGLE (Groundball, 6MD, EV 108.8 MPH)
Jesús Amengual to second
Runner from 2nd tries for 3rd, SAFE, throw by CF made to third
Batting: RHB Dave Lewis 0-0: Ball
1-0: Called Strike
1-1: Ball
2-1: Foul Ball, location: 2F
2-2: Foul Ball, location: 2F
2-2: Fielders Choice at 2nd, 6-4 (Groundball, 6, EV 92.5 MPH)
Jesús Amengual scores
Batting: LHB Jorge Castillo 0-0: Called Strike
0-1: Foul Ball, location: 2F
0-2: Foul Ball, location: 2F
0-2: Ball
1-2: Fly out, F9 (Flyball, 9, EV 83.8 MPH)
Batting: SHB Jim Dunleavy 0-0: Called Strike
0-1: Ball
1-1: Foul Ball, location: 2F
1-2: Foul Ball, location: 2F
1-2: Ball
2-2: Ball
3-2: Base on Balls
Dave Lewis to second
Batting: LHB Dave Watts 0-0: SINGLE (Line Drive, 7S, EV 90.6 MPH)
Dave Lewis to third
Jim Dunleavy to second
Runner from 3rd tries for Home, SAFE, throw by LF to home
Batting: RHB Cristo Cuervo 0-0: Foul Ball, location: 2F
0-1: Swinging Strike
0-2: Strikes out swinging
Bottom of the 2nd over - 2 runs, 2 hits, 0 errors, 2 left on base; Westwood 0 - Virginia 3
TOP OF THE 3RD
Westwood Sixshooters batting - Pitching for Virginia Palladium Sox : RHP Kliment Spirk
Batting: SHB José Tirado 0-0: Fly out, F8 (Flyball, 78M, EV 86.9 MPH)
Batting: RHB Jesús González 0-0: Ball
1-0: Ground out 4-3 (Groundball, 4, EV 80.0 MPH)
Batting: SHB Jin-yong Ch'oe 0-0: Ball
1-0: Ball
2-0: Fly out, F7 (Flyball, 78D, EV 101.9 MPH)
Top of the 3rd over - 0 runs, 0 hits, 0 errors, 0 left on base; Westwood 0 - Virginia 3
BOTTOM OF THE 3RD
Virginia Palladium Sox batting - Pitching for Westwood Sixshooters : RHP Júlio Rosales
Batting: RHB Seung-hwan Pak 0-0: Called Strike
0-1: Fly out, F7 (Flyball, 78M, EV 91.9 MPH)
Batting: RHB Tom Matthews 0-0: Ball
1-0: Ball
2-0: Swinging Strike
2-1: Swinging Strike
2-2: Ball
3-2: Foul Ball, location: 2F
3-2: Foul Ball, location: 2F
3-2: Single, Error in OF, E8, batter to second base (Groundball, 6M, EV 103.1 MPH)
Batting: RHB Jesús Amengual 0-0: Swinging Strike
0-1: Ground out U3 (Groundball, 3L, EV 80.0 MPH)
Tom Matthews to third
Batting: RHB John Ryan 0-0: Ball
1-0: Called Strike
1-1: Swinging Strike
1-2: Foul Ball, location: 2F
1-2: Ball
2-2: Ground out 4-3 (Groundball, 4, EV 80.0 MPH)
Bottom of the 3rd over - 0 runs, 1 hit, 1 error, 1 left on base; Westwood 0 - Virginia 3
TOP OF THE 4TH
Westwood Sixshooters batting - Pitching for Virginia Palladium Sox : RHP Kliment Spirk
Batting: RHB Wallace Bane 0-0: Ball
1-0: Called Strike
1-1: Ball
2-1: Ground out 1-3 (Groundball, P, EV 75.6 MPH)
Batting: LHB Benno Luby 0-0: Called Strike
0-1: Ball
1-1: Ball
2-1: Ball
3-1: Called Strike
3-2: Base on Balls
Batting: LHB Alfonso López 0-0: Swinging Strike
0-1: Foul Ball, location: 2F
0-2: Ball
1-2: Strikes out swinging
Batting: RHB Oki Hai 0-0: Called Strike
0-1: Ball
1-1: Ball
2-1: Called Strike
2-2: Ball
3-2: Base on Balls
Benno Luby to second
Batting: LHB Juan Carlos Vázquez 0-0: Ball
1-0: Called Strike
1-1: Foul Ball, location: 2F
1-2: Strikes out swinging
Top of the 4th over - 0 runs, 0 hits, 0 errors, 2 left on base; Westwood 0 - Virginia 3
BOTTOM OF THE 4TH
Virginia Palladium Sox batting - Pitching for Westwood Sixshooters : RHP Júlio Rosales
Batting: RHB Dave Lewis 0-0: Ball
1-0: Called Strike
1-1: Ground out 6-3 (Groundball, 6, EV 78.8 MPH)
Batting: LHB Jorge Castillo 0-0: Called Strike
0-1: Foul Ball, location: 2F
0-2: SINGLE (Groundball, 4S, EV 84.4 MPH) (infield hit)
Batting: SHB Jim Dunleavy 0-0: Ball
1-0: Foul Ball, location: 2F
1-1: Called Strike
1-2: Grounds into double play, 5-4-3 (Groundball, 5, EV 83.1 MPH)
Bottom of the 4th over - 0 runs, 1 hit, 0 errors, 0 left on base; Westwood 0 - Virginia 3
TOP OF THE 5TH
Westwood Sixshooters batting - Pitching for Virginia Palladium Sox : RHP Kliment Spirk
Batting: RHB Mark Merry 0-0: Ball
1-0: Called Strike
1-1: Fly out, F3 (Popup, 3S, EV 73.1 MPH)
Batting: SHB José Tirado 0-0: Ball
1-0: Ball
2-0: Called Strike
2-1: Ball
3-1: Called Strike
3-2: Foul Ball, location: 2F
3-2: Fly out, F2 (Popup, 15S, EV 75.0 MPH)
Batting: RHB Jesús González 0-0: SINGLE (Groundball, 4MD, EV 106.2 MPH)
Batting: SHB Jin-yong Ch'oe 0-0: Called Strike
0-1: Ball
1-1: Swinging Strike
1-2: Ball
2-2: SINGLE (Groundball, 34D, EV 96.9 MPH)
Jesús González to second
Runner from 2nd tries for 3rd, SAFE, no throw by RF
Batting: RHB Wallace Bane 0-0: Called Strike
0-1: Ball
1-1: Foul Ball, location: 2F
1-2: Ball
2-2: Strikes out looking
Top of the 5th over - 0 runs, 2 hits, 0 errors, 2 left on base; Westwood 0 - Virginia 3
BOTTOM OF THE 5TH
Virginia Palladium Sox batting - Pitching for Westwood Sixshooters : RHP Júlio Rosales
Batting: LHB Dave Watts 0-0: Ball
1-0: Swinging Strike
1-1: SOLO HOME RUN (Line Drive, 9LD, EV 108.8 MPH), Distance : 351 ft
Batting: RHB Cristo Cuervo 0-0: Ball
1-0: Foul Ball, location: 2F
1-1: Fly out, F8 (Flyball, 8LXD, EV 98.1 MPH)
Batting: RHB Seung-hwan Pak 0-0: Foul Ball, location: 2F
0-1: Foul Ball, location: 2F
0-2: Foul Ball, location: 2F
0-2: Ball
1-2: Strikes out swinging
Batting: RHB Tom Matthews 0-0: Fly out, F8 (Line Drive, 8LD, EV 93.8 MPH)
Bottom of the 5th over - 1 run, 1 hit, 0 errors, 0 left on base; Westwood 0 - Virginia 4
TOP OF THE 6TH
Westwood Sixshooters batting - Pitching for Virginia Palladium Sox : RHP Kliment Spirk
Batting: LHB Benno Luby 0-0: Called Strike
0-1: Called Strike
0-2: Foul Ball, location: 2F
0-2: SINGLE (Groundball, 34D, EV 103.1 MPH)
Batting: LHB Alfonso López 0-0: Ball
1-0: 2-RUN HOME RUN (Flyball, 9LD, EV 102.5 MPH), Distance : 349 ft
Batting: RHB Oki Hai 0-0: Called Strike
0-1: Swinging Strike
0-2: Ball
1-2: Ball
2-2: Ball
3-2: Base on Balls
Pitching: RHP Evan Groenevelt
Batting: LHB Juan Carlos Vázquez 0-0: Called Strike
0-1: Fielders Choice at 2nd, 1-6 (Groundball, 34S, EV 65.0 MPH)
Batting: RHB Mark Merry 0-0: Ball
1-0: Swinging Strike
1-1: Ball
2-1: Foul Ball, location: 2F
2-2: Ball
3-2: Foul Ball, location: 2F
3-2: SINGLE (Groundball, 56D, EV 97.5 MPH)
Juan Carlos Vázquez to second
Batting: SHB José Tirado 0-0: Foul Ball, location: 2F
0-1: Foul Ball, location: 2F
0-2: Ball
1-2: Strikes out looking
Batting: RHB Jesús González 0-0: Called Strike
0-1: Ball
1-1: Ball
2-1: Ball
3-1: Fly out, F8 (Line Drive, 8LD, EV 90.6 MPH)
Top of the 6th over - 2 runs, 3 hits, 0 errors, 2 left on base; Westwood 2 - Virginia 4
BOTTOM OF THE 6TH
Virginia Palladium Sox batting - Pitching for Westwood Sixshooters : RHP Júlio Rosales
Batting: RHB Jesús Amengual 0-0: Swinging Strike
0-1: Called Strike
0-2: Ball
1-2: Ball
2-2: Foul Ball, location: 2F
2-2: Ball
3-2: Base on Balls
Batting: RHB John Ryan 0-0: Ball
1-0: Ball
2-0: Foul Ball, location: 2F
2-1: Called Strike
2-2: Strikes out swinging
Batting: RHB Dave Lewis 0-0: Called Strike
0-1: Ball
1-1: SINGLE (Flyball, 8RS, EV 93.8 MPH)
Jesús Amengual to second
Pitching: RHP Hong-yeol Chang
Batting: LHB Jorge Castillo 0-0: Ball
1-0: Called Strike
1-1: Fielders Choice at 2nd, 3-6 (Groundball, 34, EV 105.0 MPH)
Jesús Amengual to third
Batting: SHB Jim Dunleavy 0-0: Ball
1-0: Ball
2-0: Ball
3-0: Called Strike
3-1: Called Strike
3-2: Base on Balls
Jorge Castillo to second
Batting: LHB Dave Watts 0-0: Ball
1-0: Foul Ball, location: 2F
1-1: Foul Ball, location: 2F
1-2: Foul Ball, location: 2F
1-2: Foul Ball, location: 2F
1-2: GRAND SLAM HOME RUN (Flyball, 89XD, EV 97.5 MPH), Distance : 393 ft
Batting: RHB Cristo Cuervo 0-0: Ball
1-0: Ball
2-0: Called Strike
2-1: Swinging Strike
2-2: Foul Ball, location: 2F
2-2: Ball
3-2: SINGLE (Groundball, 56D, EV 101.9 MPH)
Batting: RHB Seung-hwan Pak 0-0: Called Strike
0-1: Fly out, F9 (Flyball, 9D, EV 109.4 MPH)
Bottom of the 6th over - 4 runs, 3 hits, 0 errors, 1 left on base; Westwood 2 - Virginia 8
TOP OF THE 7TH
Westwood Sixshooters batting - Pitching for Virginia Palladium Sox : RHP Evan Groenevelt
Batting: SHB Jin-yong Ch'oe 0-0: Ball
1-0: Called Strike
1-1: Ground out 4-3 (Groundball, 4M, EV 80.0 MPH)
Batting: RHB Wallace Bane 0-0: Ball
1-0: Ball
2-0: Called Strike
2-1: Called Strike
2-2: Ground out 5-3 (Groundball, 5S, EV 85.0 MPH)
Batting: LHB Benno Luby 0-0: Called Strike
0-1: Swinging Strike
0-2: Strikes out swinging
Top of the 7th over - 0 runs, 0 hits, 0 errors, 0 left on base; Westwood 2 - Virginia 8
BOTTOM OF THE 7TH
Virginia Palladium Sox batting - Pitching for Westwood Sixshooters : RHP Hong-yeol Chang
Batting: RHB Tom Matthews 0-0: Ball
1-0: Foul Ball, location: 2F
1-1: Ball
2-1: Foul Ball, location: 2F
2-2: Ground out 5-3 (Groundball, 5, EV 80.0 MPH)
Batting: RHB Jesús Amengual 0-0: Foul Ball, location: 2F
0-1: Ball
1-1: Ball
2-1: Foul Ball, location: 2F
2-2: Ground out 4-3 (Groundball, 4, EV 100.6 MPH)
Batting: RHB John Ryan 0-0: Foul Ball, location: 2F
0-1: Foul Ball, location: 2F
0-2: Ball
1-2: Foul Ball, location: 2F
1-2: Foul Ball, location: 2F
1-2: Strikes out swinging
Bottom of the 7th over - 0 runs, 0 hits, 0 errors, 0 left on base; Westwood 2 - Virginia 8
TOP OF THE 8TH
Westwood Sixshooters batting - Pitching for Virginia Palladium Sox : RHP Evan Groenevelt
Batting: LHB Alfonso López 0-0: Fly out, F8 (Flyball, 8RS, EV 82.5 MPH)
Batting: RHB Oki Hai 0-0: Foul Ball, location: 2F
0-1: SINGLE (Groundball, 6MD, EV 98.8 MPH)
Batting: LHB Juan Carlos Vázquez 0-0: Called Strike
0-1: Ball
1-1: Ball
2-1: Fly out, F8 (Flyball, 8RS, EV 86.9 MPH)
Batting: RHB Mark Merry 0-0: Swinging Strike
0-1: Called Strike
0-2: Ball
1-2: Foul Ball, location: 2F
1-2: Foul Ball, location: 2F
1-2: Ball
2-2: Strikes out looking
Top of the 8th over - 0 runs, 1 hit, 0 errors, 1 left on base; Westwood 2 - Virginia 8
BOTTOM OF THE 8TH
Virginia Palladium Sox batting - Pitching for Westwood Sixshooters : RHP Hong-yeol Chang
Batting: RHB Dave Lewis 0-0: Foul Ball, location: 2F
0-1: Fly out, F9 (Flyball, 9LDF, EV 100.6 MPH)
Batting: LHB Jorge Castillo 0-0: Ball
1-0: Ball
2-0: Ball
3-0: Called Strike
3-1: Swinging Strike
3-2: Base on Balls
Batting: SHB Jim Dunleavy 0-0: Ball
Jorge Castillo steals 2nd base
1-0: Foul Ball, location: 2F
1-1: Foul Ball, location: 2F
1-2: Foul Ball, location: 2F
1-2: Ball
2-2: Foul Ball, location: 2F
2-2: Foul Ball, location: 2F
2-2: Fly out, F5 (Popup, 5F, EV 66.2 MPH)
Batting: LHB Dave Watts 0-0: Swinging Strike
0-1: Ball
1-1: Ball
2-1: DOUBLE (Line Drive, 9LS, EV 93.1 MPH)
Jorge Castillo scores
Pinch Hitting: RHB Andy Garnet 0-0: Called Strike
0-1: Ball
1-1: SINGLE (Line Drive, 56D, EV 98.1 MPH)
Dave Watts to third
Runner from 3rd tries for Home, SAFE, throw by LF to home
Batting: RHB Seung-hwan Pak 0-0: SINGLE (Groundball, 4D, EV 100.0 MPH)
Andy Garnet to second
Batting: RHB Tom Matthews 0-0: Swinging Strike
0-1: Foul Ball, location: 2F
0-2: Fielders Choice at 2nd, 5-4 (Groundball, 56, EV 84.4 MPH)
Bottom of the 8th over - 2 runs, 3 hits, 0 errors, 2 left on base; Westwood 2 - Virginia 10
TOP OF THE 9TH
Westwood Sixshooters batting - Pitching for Virginia Palladium Sox : RHP Evan Groenevelt
Now at 1B: Andy Garnet
Batting: SHB José Tirado 0-0: Foul Ball, location: 2F
0-1: Ball
1-1: Ball
2-1: Called Strike
2-2: Ground out 5-3 (Groundball, 56, EV 98.8 MPH)
Pitching: RHP Ron Harris
Batting: RHB Jesús González 0-0: Ground out 6-3 (Groundball, 56, EV 91.2 MPH)
Batting: SHB Jin-yong Ch'oe 0-0: Ball
1-0: Ball
2-0: Ball
3-0: Base on Balls
Batting: RHB Wallace Bane 0-0: Fielders Choice at 2nd, 5-4 (Groundball, 5L, EV 85.6 MPH)
Top of the 9th over - 0 runs, 0 hits, 0 errors, 1 left on base; Westwood 2 - Virginia 10
Friday, April 17th, 2020 - OOTP Baseball 20.8 Build 74